 Dungeon Crawl Stone Soup version 0.22-b1-26-g9dbaab1 (webtiles) character file.

262 zishaf the Covered (level 5, -6/47 HPs)
             Began as a Minotaur Fighter on Aug 7, 2018.
             Was an Initiate of Ru.
             Mangled by an orc warrior
             ... wielding a +4 scimitar
              (8 damage)
             ... on level 4 of the Dungeon.
             The game lasted 00:01:54 (1912 turns).

zishaf the Covered (Minotaur Fighter)               Turns: 1912, Time: 00:01:54

Health: -6/47      AC:  8    Str: 22    XL:     5   Next: 97%
Magic:  4/4        EV:  7    Int:  5    God:    Ru [......]
Gold:   84         SH:  9    Dex:  9    Spells: 4/4 levels left

rFire    . . .     SeeInvis .   p - +2 falchion (slice)
rCold    . . .     Gourm    .   c - +0 shield
rNeg     . . .     Faith    .   b - +0 scale mail
rPois    .         Spirit   .   (helmet restricted)
rElec    .         Reflect  .   (no cloak)
rCorr    .         Harm     .   (no gloves)
MR       .....                  q - +0 pair of boots
Stlth    ..........             (no amulet)
HPRegen  0.15/turn              (no ring)
MPRegen  0.09/turn              (no ring)

@: no status effects
A: retaliatory headbutt, horns 2
a: Renounce Religion


You were on level 4 of the Dungeon.
You worshipped Ru.
Ru was noncommittal.
You were not hungry.

You visited 1 branch of the dungeon, and saw 4 of its levels.

You collected 84 gold pieces.

Inventory:

Hand Weapons
 a - a +0 war axe
 p - a +2 falchion of slicing (weapon)
Armour
 b - a +0 scale mail (worn)
 c - a +0 shield (worn)
 q - a +0 pair of boots (worn)
Scrolls
 e - 2 scrolls of amnesia {unknown}
 g - 4 scrolls of identify {unknown}
 h - 2 scrolls of blinking {unknown}
 i - a scroll of teleportation {unknown}
 j - a scroll of fear {unknown}
 m - a scroll of random uselessness {unknown}
Potions
 d - a potion of might
 k - a potion of curing {unknown}
 l - a potion of magic {unknown}
 o - 3 potions of flight {unknown}
Comestibles
 f - 3 rations
 n - 2 chunks of flesh


   Skills:
 + Level 4.9 Fighting
 * Level 3.5 Long Blades
 - Level 3.1 Axes
 + Level 4.9 Armour
 + Level 4.9 Shields


You had 4 spell levels left.
You didn't know any spells.
Your spell library was empty.

Dungeon Overview and Level Annotations

Branches:
Dungeon (4/15)
 Temple: D:4-7

Altars:
Elyvilon
Okawaru
Ru


Innate Abilities, Weirdness & Mutations

You reflexively headbutt those who attack you in melee.
You have a pair of horns on your head.


Message History

You hit the orc warrior but do no damage.
The orc warrior hits you with an enchanted scimitar.
The orc hits you but does no damage.
There is a stone staircase leading up here.
You hit the orc warrior but do no damage.
The orc warrior hits you with an enchanted scimitar!
* * * LOW HITPOINT WARNING * * *
You hit the orc warrior but do no damage.
You block the orc warrior's attack.
You closely miss the orc warrior. You headbutt the orc warrior.
The orc warrior is moderately wounded.
The orc warrior hits you with an enchanted scimitar!
* * * LOW HITPOINT WARNING * * *
You closely miss the orc warrior.
The orc warrior is moderately wounded.
You block the orc warrior's attack.
You hit the orc warrior.
The orc warrior is moderately wounded.
The orc warrior hits you with an enchanted scimitar!
You die...

.8.$ .# (..# .#.#
#$.# .... ..o##.#..
#.o#.#.# .......
#######.#.#.# .....
.......o..#.# # .....
....#.##o##.##.# ...
#. ... #oo@....# ...
..########.#### #.#
#. ........#### #.# #
#######....# #.###
####.########....
#...........#.
########..######...#.
..........# #...#.
########.#######.....


You could see an orc warrior, an orc priest, an orc wizard and an orc.

Vanquished Creatures
  A hound (D:3)
  2 orc priests (D:4)
  3 worker ants (D:4)
  A hound skeleton (D:4)
  A worker ant zombie (D:4)
  3 adders
  A howler monkey skeleton (D:4)
  An ooze (D:1)
  A worm (D:2)
  7 orcs
  4 bats
  A giant cockroach (D:4)
  5 hobgoblins
  3 jackals (D:2)
  A kobold (D:1)
  A quokka skeleton (D:4)
  A rat (D:1)
37 creatures vanquished.

Notes
Turn   | Place    | Note
-------+----------+-------------------------------------------
     0 | D:1      | zishaf the Minotaur Fighter began the quest for the Orb.
     0 | D:1      | Reached XP level 1. HP: 19/19 MP: 0/0
   377 | D:1      | Reached XP level 2. HP: 27/27 MP: 1/1
   758 | D:1      | You fall through a shaft!
   796 | D:2      | Reached XP level 3. HP: 26/33 MP: 2/2
   905 | D:3      | Found a white marble altar of Elyvilon.
  1313 | D:3      | Reached skill level 1 in Long Blades
  1313 | D:3      | Reached XP level 4. HP: 35/41 MP: 3/3
  1363 | D:4      | Found a sacrificial altar of Ru.
  1367 | D:4      | Became a worshipper of Ru the Awakened
  1382 | D:4      | Found an iron altar of Okawaru.
  1391 | D:4      | Reached XP level 5. HP: 47/47 MP: 4/4
  1894 | D:4      | Noticed an orc warrior
  1910 | D:4      | HP: 2/47 [orc warrior/enchanted scimitar (10)]
  1912 | D:4      | Mangled by an orc warrior

Skill      XL: |  1  2  3  4  5 |
---------------+----------------+-----
Fighting       | 4 |  4.9
Armour         | 4 |  4.9
Shields        | 4 |  4.9
Axes           | 3 |  3.1
Long Blades    | 1 2 3 |  3.5

Action                   |  1- 3 |  4- 6 || total
-------------------------+-------+-------++-------
Melee: War axe           |    45 |       ||    45
       Headbutt          |     9 |    13 ||    22
       Falchion          |    13 |    57 ||    70
  Eat: Chunk             |     1 |     2 ||     3
Armor: Scale mail        |    26 |    20 ||    46
Dodge: Dodged            |    11 |    14 ||    25
Block: Shield            |    22 |    33 ||    55
       Rpst.: Falchion   |       |     5 ||     5
